 Seeded DCSS version 0.30.0-15-g856e2d3f33 (webtiles) character file.

Game seed: 12735965570273765983 (custom seed)

29 Pimp the Stinger (level 3, -1/24 HPs)
             Began as a Demonspawn Venom Mage on May 19, 2023.
             Slain by Terence
             ... wielding a +3 flail
              (11 damage)
             ... on level 2 of the Dungeon.
             The game lasted 00:02:34 (745 turns).

Pimp the Stinger (Demonspawn Venom Mage)             Turns: 745, Time: 00:02:34

Health: -1/24      AC:  2    Str: 10    XL:     3   Next: 1%
Magic:  6/6        EV: 12    Int: 16    God:
Gold:   17         SH:  0    Dex: 13    Spells: 5/6 levels left

rFire   . . .        b - +7 broad axe (vamp)
rCold   . . .        (no shield)
rNeg    . . .        a - +0 robe
rPois   .            (no helmet)
rElec   .            (no cloak)
rCorr   .            (no gloves)
SInv    .            (no boots)
Will    .....        (no amulet)
Stlth   ++           (no ring)
HPRegen 0.24/turn    (no ring)
MPRegen 0.10/turn

%: no passive effects
@: no status effects
A: demonic magic 1
a: no special abilities


You were on level 2 of the Dungeon.
You visited 1 branch of the dungeon, and saw 2 of its levels.

You collected 17 gold pieces.

Inventory:

Hand Weapons
 b - a +7 vampiric broad axe (weapon)
Armour
 a - a +0 robe (worn)
Magical Staves
 c - the staff of poison "Agakizea" {rPois rC+ SInv}
   (You acquired it on level 1 of the Dungeon)

   [staff of poison]

   Base accuracy: +5 Base damage: 5 Base attack delay: 1.2 This weapon's minimum
   attack delay (0.6) is reached at skill level 12.
   rC:        It protects you from cold.
   rPois:     It protects you from poison.
   SInv:      It lets you see invisible.
   It falls into the 'Staves' category.
   It is a one-handed weapon.
Scrolls
 d - a scroll of identify {unknown}
 g - a scroll of blinking {unknown}
Potions
 e - a potion of degeneration {unknown}
 f - a potion of haste {unknown}


   Skills:
 * Level 1.6 Axes
 + Level 2.2 Dodging
 - Level 1.9 Stealth
 - Level 2.0 Spellcasting
 - Level 1.0 Transmutations
 - Level 3.0 Poison Magic


You had 5 spell levels left.
You knew the following spells:

 Your Spells              Type           Power      Damage    Failure   Level
a - Sting                 Tmut/Pois      32%        1d4       9%          1

Your spell library contained the following spells:

 Spells                   Type           Power      Damage    Failure   Level
 Poisonous Vapours        Pois/Air       12%        N/A       17%         2
 Mephitic Cloud           Conj/Pois/Air  4%         N/A       38%         3
 Olgreb's Toxic Radiance  Pois           11%        N/A       50%         4


Dungeon Overview and Level Annotations

Branches:
Dungeon (2/15)

Altars:
Qazlal

Annotations:
D:2 Terence


Innate Abilities, Weirdness & Mutations

Spells you cast may paralyse adjacent enemies.


Message History

The jackal is almost dead.
The jackal bites you but does no damage.
The jackal bites you.
You hit the jackal.
You kill the jackal!
You see here 4 stones.
Key pressed, stopping explore.
Key pressed, stopping explore.
There is a stone staircase leading down here.
Done exploring.
Done exploring.
There is a stone staircase leading down here.
You climb downwards.
Found a scroll labelled KYROAK PETWYSA and a spear.
Found a stormy altar of Qazlal.
There is a stone staircase leading up here.
g - a scroll labelled KYROAK PETWYSA
There is a stormy altar of Qazlal here.
A frilled lizard comes into view.
An endoplasm comes into view.
Found an escape hatch in the floor.
The frilled lizard hisses angrily.
The endoplasm quivers.
You slash the frilled lizard!
You kill the frilled lizard!
Found a robe.
You see here a frilled lizard corpse.
Terence the Incautious comes into view.
He is wielding a +3 flail.
You slash the endoplasm!
You kill the endoplasm!
Terence shouts!
You have reached level 3!
Your experience leads to an increase in your attributes!
Increase (S)trength, (I)ntelligence, or (D)exterity?
You feel stronger. x2
You barely miss Terence. Terence hits you with a +3 flail.
You slash Terence!
Terence is heavily wounded.
Terence hits you with a +3 flail! x2
You die...

#......###.#
#).........
#.._...# #
#.....#### .#
###.......<#..#
#...#.######..#
#.#.#... ....###
#.#.######......#
#.#...†..@......#
#.########@.>[..#
#. ......# ##
......# #######


You could see Terence.

Vanquished Creatures
  4 ball pythons (D:1)
  3 endoplasms
  A goblin (D:1)
  3 hobgoblins (D:1)
  4 jackals (D:1)
  2 kobolds (D:1)
  2 quokkas (D:1)
  2 frilled lizards
  3 rats (D:1)
24 creatures vanquished.

Notes
Turn   | Place    | Note
-------+----------+-------------------------------------------
     0 | D:1      | Pimp the Demonspawn Venom Mage began the quest for the Orb.
     0 | D:1      | Reached XP level 1. HP: 13/13 MP: 3/3
    65 | D:1      | Reached skill level 1 in Transmutations
   110 | D:1      | Identified 2 scrolls of acquirement
   110 | D:1      | Acquired a +7 vampiric broad axe
   113 | D:1      | Acquired the staff of poison "Agakizea" {rPois rC+ SInv}
   159 | D:1      | Gained mutation: Spells you cast may paralyse adjacent
                  | enemies. [demonic ancestry]
   159 | D:1      | Reached XP level 2. HP: 19/19 MP: 5/5
   228 | D:1      | Reached skill level 1 in Axes
   722 | D:2      | Found a stormy altar of Qazlal.
   740 | D:2      | Noticed Terence
   742 | D:2      | Reached XP level 3. HP: 24/24 MP: 6/6
   745 | D:2      | Slain by Terence

Illustrated notes

Levels and vault maps discovered:
D:1:      dpeg_arrival_long_road, layout_loops_cross, hex_tiny
D:2:      minmay_evil_eye, layout_basic, basic_altar, minmay_ruptured,
          uniq_terence

Skill      XL: |  1  2 |
---------------+-------+-----
Transmutations | 1 |  1.0
Dodging        | 2 |  2.2
Axes           | 1 |  1.6
Stealth        | |  1.9
Spellcasting   | |  2.0
Poison Magic   | |  3.0

Action                     || total
---------------------------++-------
  Melee: Unarmed           ||    12
         Broad axe         ||    40
         Punch             ||     1
   Cast: Sting             ||     6
    Use: Scroll            ||     2
         Potion            ||     1
   Stab: Sleeping          ||     3
 Armour: Robe              ||    10
  Dodge: Dodged            ||    38
